 Dungeon Crawl Stone Soup version 0.28.0-53-g5a82cb258f (webtiles) character file.

Game seed: 10622681716574463830

2265 Zeld the Quickloader (level 9, -2/55 HPs)
             Began as a Gargoyle Hunter on May 24, 2022.
             Was an Initiate of the Shining One.
             Slain by a gnoll
             ... wielding a +0 halberd
              (10 damage)
             ... on level 7 of the Dungeon.
             The game lasted 00:09:30 (9425 turns).

Zeld the Quickloader (Gargoyle Hunter)              Turns: 9425, Time: 00:09:31

Health: -2/55      AC: 14    Str: 21    XL:     9   Next: 38%
Magic:  9/9        EV: 10    Int: 14    God:    the Shining One [......]
Gold:   81         SH:  0    Dex: 10    Spells: 8/8 levels left

rFire   . . .      SeeInvis .   b - +0 morningstar
rCold   . . .      Faith    .   (no shield)
rNeg    + . .      Spirit   .   u - +0 scale mail "Mienicwu" {Will+ Int+3}
rPois   ∞          Reflect  .   r - +0 helmet
rElec   +          Harm     .   (no cloak)
rCorr   .          Rampage  .   (no gloves)
Will    +....                   q - +0 pair of boots
Stlth   +.........              (no amulet)
HPRegen 0.18/turn               (no ring)
MPRegen 0.11/turn               (no ring)

@: glowing
A: sickness immunity, AC +6, negative energy resistance 1, electricity
resistance, torment resistance 1, petrification resistance
a: Renounce Religion


You were on level 7 of the Dungeon.
You worshipped the Shining One.
The Shining One was noncommittal.
You visited 1 branch of the dungeon, and saw 7 of its levels.

You collected 309 gold pieces.
You spent 228 gold pieces at shops.

Inventory:

Hand Weapons
 a - a +1 hand crossbow
 b - a +0 morningstar (weapon)
Missiles
 d - 40 bolts
Armour
 q - a +0 pair of boots (worn)
 r - a +0 helmet (worn)
 u - the +0 scale mail "Mienicwu" (worn) {Will+ Int+3}
   (You found it on level 6 of the Dungeon)

   Int:       It affects your intelligence (+3).
   Will:      It increases your willpower.
Wands
 p - a wand of digging (5)
Scrolls
 g - 5 scrolls of enchant weapon {unknown}
 h - 3 scrolls of immolation {unknown}
 i - a scroll of teleportation {unknown}
 j - 4 scrolls of identify
 l - 2 scrolls of magic mapping {unknown}
 n - a scroll of silence {unknown}
 t - a scroll of fog {unknown}
Potions
 e - a potion of brilliance {unknown}
 f - 3 potions of heal wounds {unknown}
 k - 2 potions of curing
 m - 2 potions of degeneration {unknown}
 o - a potion of attraction {unknown}


   Skills:
 + Level 5.9 Fighting
 * Level 6.6 Maces & Flails
 * Level 8.3 Crossbows
 - Level 1.5 Dodging
 + Level 6.0 Stealth


You had 8 spell levels left.
You didn't know any spells.
Your spell library was empty.

Dungeon Overview and Level Annotations

Branches:
Dungeon (7/15)
 Temple: D:4-7

Altars:
Cheibriados
Makhleb
Wu Jian
The Shining One

Shops:
D:1 :[*   D:6 *

Annotations:
D:3 1 runed translucent door, Crazy Yiuf


Innate Abilities, Weirdness & Mutations

You are immune to sickness and miasma.
Your stone body is resilient. (AC +6)
You are immune to poison.
You resist negative energy. (rN+)
You are resistant to electric shocks. (rElec)
You are resistant to unholy torment.
You are immune to petrification.


Message History

Aiming: Paralyse
Press: ? - help, Shift-Dir - straight line, f - gnoll
Aim: a gnoll, wielding a +0 halberd (chance to affect: 57%)
The gnoll resists with significant effort.
The gnoll hits you from afar with a +0 halberd.
Unknown command.
Aiming: Paralyse
Press: ? - help, Shift-Dir - straight line, f/p - gnoll
Aim: a gnoll, wielding a +0 halberd (chance to affect: 57%)
The gnoll resists with significant effort.
The gnoll hits you but does no damage.
Unknown command.
The gnoll closely misses you. The gnoll hits you with a +0 halberd!
* * * LOW HITPOINT WARNING * * *
You closely miss the gnoll. The gnoll closely misses you.
The gnoll hits you with a +0 halberd.
* * * LOW HITPOINT WARNING * * *
You sock the gnoll!
The gnoll is severely wounded.
The gnoll barely misses you. The gnoll hits you but does no damage.
Aiming: Paralyse
Press: ? - help, Shift-Dir - straight line, f/p - gnoll
Aim: a gnoll, wielding a +0 halberd (severely wounded, chance to affect: 57%)
The gnoll resists with significant effort.
The now-empty wand crumbles to dust.
The gnoll hits you but does no damage. The gnoll hits you with a +0 halberd!
* * * LOW HITPOINT WARNING * * *
The gnoll closely misses you.
You don't have any such object.
Evoke which item? (* to show all) (? for menu, Esc to quit)
Okay, then.
You don't know any spells.
Unknown command.
Okay, then.
Aiming: Dig
Press: ? - help, Shift-Dir - straight line, p - gnoll A rock wall.
The rock shatters into small pieces.
The gnoll closely misses you.
The gnoll hits you from afar with a +0 halberd!
You die...

# # ... #### ..#
.... #.# .# #.# ##
#.# #.# ##
######## #.#
.#####......####@#
gZg........Zggg..#
#######..#########
# ####


You could see 3 gnolls and a centaur zombie.

Vanquished Creatures
  Pikel (D:6)
  A water moccasin (D:6)
  A black bear (D:4)
  2 necrophages
  4 ogres
  A centaur (D:6)
  3 lemures
  A phantom (D:6)
  A bullfrog (D:6)
  A scorpion (D:5)
  A wyvern zombie (D:6)
  A water moccasin skeleton (D:5)
  A killer bee (D:6)
  A howler monkey (D:6)
  3 bullfrog zombies
  2 jellies (D:6)
  4 orc priests
  A gnoll shaman (D:6)
  4 iguanas
  2 orc wizards (D:4)
  A gnoll (D:6)
  11 adders
  A shadow imp (D:6)
  A white imp (D:6)
  An ufetubus (D:5)
  A worm (D:4)
  13 orcs
  5 endoplasms
  A giant cockroach (D:1)
  9 goblins
  5 hobgoblins
  7 jackals
  A quokka (D:4)
  5 ball pythons
  3 bats
  3 frilled lizards (D:1)
  5 kobolds
  5 rats
114 creatures vanquished.

Notes
Turn   | Place    | Note
-------+----------+-------------------------------------------
     0 | D:1      | Zeld the Gargoyle Hunter began the quest for the Orb.
     0 | D:1      | Reached XP level 1. HP: 12/12 MP: 1/1
   102 | D:1      | Found Qoichiev's Assorted Antiques.
   124 | D:1      | Reached XP level 2. HP: 18/18 MP: 2/2
   252 | D:1      | Found Inegroig's Antique Armour Shoppe.
   364 | D:1      | Found Dunkikh's Book Shop.
   959 | D:2      | Reached XP level 3. HP: 22/22 MP: 3/3
  1483 | D:3      | Found a runed translucent door.
  1484 | D:3      | Noticed Crazy Yiuf
  1641 | D:3      | Reached XP level 4. HP: 27/27 MP: 4/4
  2084 | D:3      | Reached skill level 1 in Maces & Flails
  2227 | D:3      | Reached skill level 5 in Crossbows
  2227 | D:3      | Reached XP level 5. HP: 31/32 MP: 5/5
  2386 | D:4      | Noticed an ogre
  2391 | D:4      | Killed an ogre
  2411 | D:4      | Reached XP level 6. HP: 34/37 MP: 6/6
  2903 | D:4      | Found a burning altar of Makhleb.
  2903 | D:4      | Found a snail-covered altar of Cheibriados.
  3628 | D:4      | Noticed a black bear
  3979 | D:4      | Found an ornate altar of the Wu Jian Council.
  4072 | D:4      | Killed a black bear
  4073 | D:4      | Reached XP level 7. HP: 43/43 MP: 7/7
  4121 | D:4      | Reached skill level 6 in Crossbows
  4724 | D:1      | Bought a scroll labelled USIGACZEOSU for 20 gold pieces
  4724 | D:1      | Bought a scroll labelled HEIVACLEKK for 20 gold pieces
  4724 | D:1      | Bought a scroll labelled USIGACZEOSU for 20 gold pieces
  4724 | D:1      | Bought a scroll labelled USIGACZEOSU for 20 gold pieces
  4724 | D:1      | Bought an emerald potion for 18 gold pieces
  4724 | D:1      | Bought a scroll labelled HOVAADUOKK for 20 gold pieces
  4838 | D:5      | Entered Level 5 of the Dungeon
  5390 | D:5      | HP: 1/43 [ogre/+0 giant spiked club (16)]
  6118 | D:5      | Reached XP level 8. HP: 48/48 MP: 8/8
  6628 | D:6      | Reached skill level 7 in Crossbows
  6680 | D:6      | Reached skill level 5 in Fighting
  6680 | D:6      | Reached skill level 5 in Maces & Flails
  6759 | D:6      | Reached skill level 5 in Stealth
  6792 | D:6      | Found Maluank's General Store.
  6801 | D:6      | Bought a scroll of identify for 22 gold pieces
  6801 | D:6      | Bought a potion of curing for 33 gold pieces
  6801 | D:6      | Bought a wand of paralysis (3) for 55 gold pieces
  6823 | D:6      | Found a glowing golden altar of the Shining One.
  6919 | D:6      | Became a worshipper of the Shining One
  7015 | D:6      | Noticed Pikel
  7608 | D:6      | Killed Pikel
  7609 | D:6      | Reached XP level 9. HP: 21/54 MP: 9/9
  7942 | D:6      | Identified the +0 scale mail "Mienicwu" {Will+ Int+3}
  7983 | D:6      | Noticed a boulder beetle
  8172 | D:6      | Reached skill level 8 in Crossbows
  9425 | D:7      | Slain by a gnoll

Illustrated notes

Levels and vault maps discovered:
D:1:      sevenhm_arrival_forest_fort_small_3, layout_loops_cross, serial_shops,
          shop_fountains, nicolae_diamond_shop, nicolae_shop_hallway_stairs
D:2:      layout_loops_ring
D:3:      layout_basic, uniq_crazy_yiuf_cottage
D:4:      layout_basic, nicolae_wu_jian_wuxing_cycle, jmf_multi_god_temple
D:5:      layout_layer_cave
D:6:      layout_loops_cross, nicolae_tso_swordbearing_angel, serial_glass,
          glass_columns_b, glass_columns_c, glass_columns_a, serial_shops,
          shop_fountains, uniq_pikel
D:7:      layout_layer_cave, minmay_temple_entry_proselytizer, serial_shops,
          shop, serial_glass, glass_columns_b, glass_columns_c, glass_columns_a,
          minmay_strange_pillars, feat_on_display, feat_on_display,
          grunt_ministairs_5

Skill      XL: |  1  2  3  4  5  6  7  8  9 |
---------------+----------------------------+-----
Stealth        | 2 3 4 5 6 |  6.0
Fighting       | 3 4 5 |  5.9
Maces & Flails | 1 2 3 4 6 |  6.6
Crossbows      | 5 6 7 8 |  8.3
Dodging        | |  1.5

Action                   |  1- 3 |  4- 6 |  7- 9 || total
-------------------------+-------+-------+-------++-------
Melee: Morningstar       |     4 |   119 |    92 ||   215
       Punch             |       |       |     1 ||     1
 Fire: Hand crossbow     |    71 |    37 |   147 ||   255
Evoke: Wand              |       |       |     4 ||     4
Armor: Leather armour    |     9 |    72 |    47 ||   128
       Scale mail        |       |       |    60 ||    60
Dodge: Dodged            |    19 |    94 |   132 ||   245
